 Dungeon Crawl Stone Soup version 0.20.1-1-g8b1a95d (webtiles) character file.

10023 vineage the Carver (level 11, -1/97 HPs)
             Began as a Minotaur Fighter on Aug 28, 2017.
             Was an Elder of Okawaru.
             Slain by a wyvern zombie (9 damage)
             ... on level 13 of the Dungeon.
             The game lasted 00:21:48 (10486 turns).

vineage the Carver (Minotaur Fighter)              Turns: 10486, Time: 00:21:49

Health: -1/97      AC:  5    Str: 32    XL:     11   Next: 30%
Magic:  10/10      EV: 17    Int:  5    God:    Okawaru [****..]
Gold:   793        SH: 14    Dex: 16    Spells: 10/10 levels left

rFire    . . .     SeeInvis .   a - +0 long sword
rCold    . . .     Gourm    .   c - +1 shield
rNeg     . . .     Faith    .   G - +1 robe "Iricvir" {Str+4 Dex+6}
rPois    .         Spirit   .   (helmet restricted)
rElec    .         Reflect  .   E - +1 cloak {MR+}
rCorr    .         Harm     +   (no gloves)
MR       +....     Clarity  +   (no boots)
Stlth    ++........             y - amulet of harm
Regen    0.3/turn               (no ring)
MPRegen  0.2/turn               (no ring)

@: very slightly contaminated
A: retaliatory headbutt, horns 2, clarity, strong 2
a: Heroism, Renounce Religion


You were on level 13 of the Dungeon.
You worshipped Okawaru.
Okawaru was greatly pleased with you.
You were hungry.

You visited 2 branches of the dungeon, and saw 14 of its levels.
You also visited: Sewer.

You collected 793 gold pieces.

Inventory:

Hand Weapons
 a - a +0 long sword (weapon)
Armour
 b - a +0 scale mail
 c - a +1 shield (worn)
 p - a +2 ring mail of magic resistance
 E - a +1 cloak of magic resistance (worn)
 G - the +1 robe "Iricvir" (worn) {Str+4 Dex+6}
   (You found it on level 10 of the Dungeon)

   It affects your strength (+4).
   It affects your dexterity (+6).
Jewellery
 y - an amulet of harm (around neck)
Wands
 o - a wand of flame (43/48)
 x - a wand of lightning (6/15)
 B - a wand of flame (18/48)
 C - a wand of lightning (7/15)
 D - a wand of random effects (38/48)
 F - a wand of disintegration (10/24)
Scrolls
 g - 11 scrolls of remove curse
 h - a scroll of magic mapping
 q - 2 scrolls of recharging
 w - 2 scrolls of teleportation
Potions
 d - 2 potions of curing
 i - a potion of magic
 j - 3 potions of ambrosia
 l - a potion of resistance
 m - a potion of flight
 r - a potion of haste {unknown}
 u - a potion of lignification {unknown}
Books
 v - a book of Necromancy

   Spells                             Type                      Level
   a - Pain                           Necromancy                   1
   b - Animate Skeleton               Necromancy                   1
   c - Vampiric Draining              Necromancy                   3
   d - Regeneration                   Charms/Necromancy            3
   e - Animate Dead                   Necromancy                   4
   f - Control Undead                 Necromancy                   4
 A - a book of Changes

   Spells                             Type                      Level
   a - Beastly Appendage              Transmutation                1
   b - Sticks to Snakes               Transmutation                2
   c - Spider Form                    Transmutation/Poison         3
   d - Ice Form                       Ice/Transmutation            4
   e - Blade Hands                    Transmutation                5
Miscellaneous
 H - a phantom mirror
Comestibles
 f - 11 bread rations
 k - 9 meat rations
 t - a fruit


   Skills:
 + Level 9.2 Fighting
 + Level 12.5 Long Blades
 + Level 6.9 Armour
 + Level 7.9 Dodging
 + Level 3.3 Stealth
 + Level 10.3 Shields


You had 10 spell levels left.
You didn't know any spells.

Dungeon Overview and Level Annotations

Branches:
Dungeon (13/15)            Temple (1/1) D:5            Lair (0/6) D:8
    Orc (0/2) D:9
 Vaults: D:13-14

Altars:
Ashenzari
Cheibriados
Dithmenos
Elyvilon
Fedhas
Gozag
Hepliaklqana
Makhleb
Nemelex Xobeh
Okawaru
Qazlal
Ru
Sif Muna
Trog
Uskayaw
Vehumet
Xom
Yredelemnul
Zin
The Shining One

Shops:
D:5 ![(*

Annotations:
D:10 exclusion: ice statue
D:11 exclusion: obsidian statue


Innate Abilities, Weirdness & Mutations

You reflexively headbutt those who attack you in melee.
You have a pair of horns on your head.
You possess an exceptional clarity of mind.
Your muscles are very strong. (Str +4)


Message History

You are too injured to fight recklessly!
You are too injured to fight recklessly!
You block the wyvern zombie's attack.
You barely miss the wyvern zombie.
You headbutt the wyvern zombie, but do no damage.
The wyvern zombie bites you!
* * * LOW HITPOINT WARNING * * *
You hit the wyvern zombie. You headbutt the wyvern zombie!
The wyvern zombie is heavily damaged.
The wyvern zombie barely misses you. You furiously retaliate!
You headbutt the wyvern zombie, but do no damage.
You hit the wyvern zombie.
You headbutt the wyvern zombie, but do no damage.
The wyvern zombie is heavily damaged.
The wyvern zombie bites you!
* * * LOW HITPOINT WARNING * * *
You slash the wyvern zombie! You headbutt the wyvern zombie.
The wyvern zombie is almost destroyed.
The wyvern zombie bites you!
You die...

..........#.#
............#
.$........#
.........(#
..........#
..........#
..........#
.........Z#
.........@#
..........#
###########


You could see a wyvern zombie.

Vanquished Creatures
  A two-headed ogre (D:10)
  An ugly thing (D:11)
  An orc knight (D:11)
  A cyclops (D:13)
  A gargoyle (D:11)
  2 centaur skeletons (D:11)
  A troll (D:11)
  A hippogriff (D:11)
  A shadow (D:11)
  9 yaks (D:10)
  A steam dragon (D:10)
  A hungry ghost (D:11)
  A water moccasin (D:11)
  2 sky beasts
  An ice beast (D:11)
  3 orc warriors
  A black bear (D:9)
  A phantom (D:12)
  A necrophage (D:11)
  7 ogres
  5 centaurs
  10 big kobolds
  A gnoll sergeant (D:11)
  4 bullfrogs
  A wyvern skeleton (D:11)
  4 scorpions
  10 killer bees (D:10)
  3 wights (D:10)
  3 crimson imps
  A centaur zombie (D:8)
  2 bullfrog zombies (D:5)
  A quasit (D:5)
  2 hounds
  2 bullfrog skeletons
  5 orc priests
  Terence (D:3)
  An iguana (D:12)
  15 orc wizards
  7 worker ants
  A hound zombie (D:5)
  4 hound skeletons
  A worker ant zombie (D:7)
  18 adders
  15 gnolls
  3 river rats
  4 shadow imps
  An ooze (Sewer)
  7 worms
  An adder skeleton (D:6)
  A dart slug (D:4)
  2 leopard geckos
  32 orcs
  5 ball pythons
  8 bats
  10 giant cockroaches
  2 gnoll zombies (D:9)
  11 goblins
  9 hobgoblins
  9 jackals
  9 kobolds
  5 quokkas
  3 frilled lizards
  A jackal zombie (D:7)
  2 leopard gecko zombies (D:5)
  10 rats
290 creatures vanquished.

Vanquished Creatures (others)
  An orc wizard (D:7)
  2 plants (D:11)
3 creatures vanquished.

Grand Total: 293 creatures vanquished

Notes
Turn   | Place    | Note
-------+----------+-------------------------------------------
     0 | D:1      | vineage the Minotaur Fighter began the quest for the Orb.
     0 | D:1      | Reached XP level 1. HP: 19/19 MP: 0/0
   190 | D:1      | Reached XP level 2. HP: 19/27 MP: 1/1
   494 | D:2      | Found a radiant altar of Vehumet.
   496 | D:2      | Found a glowing silver altar of Zin.
   500 | D:2      | Reached XP level 3. HP: 27/33 MP: 2/2
   620 | D:2      | Found a stormy altar of Qazlal.
   701 | D:2      | Found an opulent altar of Gozag.
   939 | D:3      | Reached skill level 3 in Long Blades
  1000 | D:3      | Reached XP level 4. HP: 21/40 MP: 3/3
  1224 | D:3      | Noticed Terence
  1249 | D:3      | Killed Terence
  1258 | D:3      | Reached skill level 1 in Dodging
  1420 | D:3      | Reached XP level 5. HP: 32/47 MP: 4/4
  1434 | D:3      | Reached skill level 4 in Long Blades
  1673 | D:3      | Found a hide-covered altar of Uskayaw.
  1937 | D:3      | Gained mutation: Your muscles are strong. (Str +2) [potion of mutation]
  1937 | D:3      | Gained mutation: Your muscles are very strong. (Str +4) [potion of mutation]
  1937 | D:3      | Gained mutation: You possess an exceptional clarity of mind. [potion of mutation]
  2048 | D:4      | Found a glowing drain.
  2078 | Sewer    | Entered a sewer
  2111 | Sewer    | Reached XP level 6. HP: 49/53 MP: 5/5
  2131 | Sewer    | Reached skill level 5 in Shields
  2170 | Sewer    | Reached skill level 5 in Long Blades
  2189 | Sewer    | Reached skill level 5 in Armour
  2326 | Sewer    | Reached XP level 7. HP: 55/60 MP: 6/6
  2394 | Sewer    | Reached skill level 5 in Fighting
  2528 | Sewer    | Reached skill level 6 in Long Blades
  2940 | D:4      | Reached skill level 7 in Long Blades
  2940 | D:4      | Reached XP level 8. HP: 69/69 MP: 7/7
  3247 | D:5      | Entered Level 5 of the Dungeon
  3288 | D:5      | Found Tejydo's Assorted Antiques.
  3349 | D:5      | Found Oches's Antique Armour Shop.
  3378 | D:5      | Found Udoidef's Weapon Emporium.
  3407 | D:5      | Reached skill level 8 in Long Blades
  3407 | D:5      | Reached skill level 1 in Stealth
  3589 | D:5      | Found a shimmering altar of Xom.
  3714 | D:5      | Found a staircase to the Ecumenical Temple.
  3728 | Temple   | Entered the Ecumenical Temple
  3755 | D:5      | Found Lawogh's Distillery.
  4740 | D:6      | Reached XP level 9. HP: 72/75 MP: 8/8
  5078 | D:7      | Reached skill level 9 in Long Blades
  5230 | D:7      | Reached skill level 5 in Dodging
  5777 | D:8      | Found a staircase to the Lair.
  6393 | D:9      | Found a staircase to the Orcish Mines.
  6995 | D:9      | Found a basalt altar of Yredelemnul.
  7124 | D:9      | Reached skill level 10 in Long Blades
  7134 | D:9      | Found a hazy altar of Hepliaklqana.
  7208 | D:9      | Found an iron altar of Okawaru.
  7214 | D:9      | Became a worshipper of Warmaster Okawaru
  7302 | D:10     | Entered Level 10 of the Dungeon
  7344 | D:10     | Got a bloodstained robe
  7358 | D:10     | Identified the +1 robe "Iricvir" {Str+4 Dex+6} (You found it on level 10 of the Dungeon)
  7369 | D:10     | Noticed an ice devil
  7405 | D:10     | Reached XP level 10. HP: 68/86 MP: 9/9
  7413 | D:10     | Reached * piety under Okawaru
  7697 | D:10     | Noticed a two-headed ogre
  7721 | D:10     | Killed a two-headed ogre
  7803 | D:10     | Reached skill level 11 in Long Blades
  7806 | D:10     | Reached ** piety under Okawaru
  8318 | D:10     | Noticed an ice statue
  9083 | D:11     | Noticed a white ugly thing
  9149 | D:11     | Noticed an orc knight
  9150 | D:11     | Reached *** piety under Okawaru
  9160 | D:11     | Killed an orc knight
  9160 | D:11     | Reached skill level 10 in Shields
  9179 | D:11     | Noticed a gargoyle
  9189 | D:11     | Killed a white ugly thing
  9189 | D:11     | Reached skill level 12 in Long Blades
  9189 | D:11     | Reached XP level 11. HP: 82/95 MP: 10/10
  9309 | D:11     | Reached **** piety under Okawaru
  9684 | D:11     | Noticed an obsidian statue
 10190 | D:12     | Noticed a five-headed hydra
 10419 | D:13     | HP: 2/97 [seven-headed hydra (8)]
 10486 | D:13     | Slain by a wyvern zombie

Skill      XL: |  1  2  3  4  5  6  7  8  9 10 11 |
---------------+----------------------------------+-----
Shields        | 4 5 6 7 8 10 | 10.3
Armour         | 4 5 6 |  6.9
Fighting       | 4 5 6 7 8 9 |  9.2
Long Blades    | 3 4 5 7 8 10 12 | 12.5
Dodging        | 1 2 3 4 5 7 |  7.9
Stealth        | 1 2 3 |  3.3

Action                   |  1- 3 |  4- 6 |  7- 9 | 10-12 || total
-------------------------+-------+-------+-------+-------++-------
Melee: Long sword        |    89 |   175 |   408 |   224 ||   896
       Headbutt          |    15 |    29 |    84 |    77 ||   205
Invok: Heroism           |       |       |       |     3 ||     3
  Use: Potion            |       |     4 |     2 |     8 ||    14
       Scroll            |       |    10 |     5 |     6 ||    21
 Stab: Sleeping          |       |       |       |     2 ||     2
  Eat: Chunk             |       |     5 |    14 |     5 ||    24
       Royal jelly       |       |       |     1 |     1 ||     2
       Fruit             |       |       |       |     4 ||     4
Armor: Scale mail        |    46 |    35 |       |       ||    81
       Ring mail         |       |    25 |    98 |       ||   123
       Robe              |       |       |     4 |    19 ||    23
Dodge: Dodged            |    32 |    54 |   127 |    91 ||   304
Block: Shield            |    48 |    94 |   209 |   132 ||   483
       Rpst.: Long sword |    12 |    16 |    35 |    14 ||    77
